 Dungeon Crawl Stone Soup version 0.31.0-11-ge490571c62 (webtiles) character file.

Game seed: 2001091762371324537

37 qw the Shooter (level 3, 0/20 HPs)
             Began as a Deep Elf Hunter on Feb 4, 2024.
             Slain by a hobgoblin (3 damage)
             ... on level 2 of the Dungeon.
             The game lasted 00:00:04 (897 turns).

qw the Shooter (Deep Elf Hunter)                     Turns: 897, Time: 00:00:04

Health: 0/20       AC:  6    Str: 10    XL:     3   Next: 21%
Magic:  5/5        EV: 11    Int: 13    God:
Gold:   47         SH:  0    Dex: 18    Spells: 2/2 levels left

rFire   . . .        a - +0 shortbow
rCold   . . .        (shield currently unavailable)
rNeg    . . .        h - +1 ring mail
rPois   .            (no helmet)
rElec   .            (no cloak)
rCorr   .            (no gloves)
SInv    .            (no boots)
Will    .....        (no amulet)
Stlth   +            (no ring)
HPRegen 0.23/turn    (no ring)
MPRegen 0.09/turn

%: no passive effects
@: no status effects
A: no striking features
a: no special abilities


You were on level 2 of the Dungeon.
You visited 1 branch of the dungeon, and saw 2 of its levels.

You collected 47 gold pieces.


   Skills:
 - Level 1.5 Fighting
 + Level 6.8 Ranged Weapons
 - Level 2.4 Dodging
 - Level 1.2 Stealth


You had 2 spell levels left.
You didn't know any spells.
Your spell library was empty.

Inventory:

Hand Weapons
 a - a +0 shortbow (weapon)
Armour
 h - a +1 ring mail (worn)
Potions
 g - a potion of berserk rage {unknown}

Dungeon Overview and Level Annotations

Branches:
Dungeon (2/15)

Altars:


Message History

The adder is moderately wounded.
The adder bites you but does no damage. The hobgoblin barely misses you.
You shoot an arrow. The arrow barely misses the adder.
The arrow hits the kobold but does no damage.
The adder closely misses you.
The hobgoblin hits you but does no damage.
The adder bites you.
You are poisoned.
The adder poisons you!
You shoot an arrow. The arrow hits the adder!
You kill the adder!
You feel sick.
The hobgoblin hits you but does no damage.
You have reached level 3!
Your experience leads to an increase in your attributes!
Increase (S)trength, (I)ntelligence, or (D)exterity?
You feel stronger. x2
You shoot an arrow.
The arrow barely misses the giant cockroach.
You feel sick. The giant cockroach bites you. The hobgoblin hits you.
The kobold hits you but does no damage. The giant cockroach closely misses you.
You shoot an arrow.
The arrow barely misses the giant cockroach.
You feel sick. The hobgoblin barely misses you. The kobold closely misses you.
The giant cockroach closely misses you.
You shoot an arrow.
The arrow hits the giant cockroach but does no damage.
You feel sick.
You are no longer poisoned.
The giant cockroach barely misses you. The hobgoblin hits you.
The kobold barely misses you. The giant cockroach closely misses you.
The hobgoblin hits you.
You shoot an arrow. The arrow hits the giant cockroach!
You kill the giant cockroach!
The kobold barely misses you. The hobgoblin closely misses you.
The kobold barely misses you.
You shoot an arrow. The arrow hits the kobold.
The kobold is severely wounded.
The hobgoblin hits you.
You die...

## # ..
#.###.#######
#.#<.........
#...>........
.......[#
##########g#....#..
#........SK@.......
#...[.....##..####.
#........S....#
#.........#...#
#......<.B#...#
#.........# ....
#.........# #.##
#..[......# ..
#####.......


You could see an adder, a hobgoblin and a kobold.

Vanquished Creatures
  An adder (D:2)
  5 bats (D:1)
  3 endoplasms (D:1)
  2 giant cockroaches
  2 hobgoblins (D:1)
  3 jackals (D:1)
  4 kobolds (D:1)
  A quokka (D:1)
  A ball python (D:1)
  2 frilled lizards (D:1)
  A goblin (D:1)
  A rat (D:1)
26 creatures vanquished.

Notes
Turn   | Place    | Note
-------+----------+-------------------------------------------
     0 | D:1      | qw the Deep Elf Hunter began the quest for the Orb.
     0 | D:1      | Reached XP level 1. HP: 12/12 MP: 3/3
     0 | D:1      | 0 ||| qw: Version: 0.3-a-160-g6735b56
     0 | D:1      | 0 ||| qw: Game counter: 5341
     0 | D:1      | 0 ||| qw: Melee chars always use a shield: true
     0 | D:1      | 0 ||| qw: God list: Okawaru
     0 | D:1      | 0 ||| qw: Allow faded altars: false
     0 | D:1      | 0 ||| qw: Do Orc after clearing Dungeon:15 true
     0 | D:1      | 0 ||| qw: Do second Lair branch before Depths: true
     0 | D:1      | 0 ||| qw: Lair rune preference: random
     0 | D:1      | 0 ||| qw: Goals: Normal
     0 | D:1      | 0 ||| PLANNING D:1-11
   145 | D:1      | Reached XP level 2. HP: 16/16 MP: 4/4
   161 | D:1      | Reached skill level 6 in Ranged Weapons
   757 | D:1      | 757 ||| UPGRADING to +0 ring mail.
   767 | D:1      | 767 ||| DROPPING +0 leather armour.
   768 | D:1      | 768 ||| READING scroll labelled XUABLIMAA.
   768 | D:1      | 768 ||| ENCHANTING +0 ring mail.
   769 | D:1      | 769 ||| READING scroll labelled BIEMEM IR YNUI.
   770 | D:1      | 770 ||| READING scroll labelled MYCRAIT MOUXI.
   771 | D:1      | 771 ||| READING scroll labelled SOCRUC EMECSIS.
   872 | D:1      | 872 ||| DROPPING scroll of butterflies.
   882 | D:2      | 882 ||| RETREEEEATING.
   883 | D:2      | 883 ||| RETREEEEATING.
   884 | D:2      | 884 ||| RETREEEEATING.
   885 | D:2      | 885 ||| RETREEEEATING.
   886 | D:2      | 886 ||| RETREEEEATING.
   887 | D:2      | 887 ||| RETREEEEATING.
   888 | D:2      | 888 ||| RETREEEEATING.
   889 | D:2      | 889 ||| RETREEEEATING.
   893 | D:2      | Reached XP level 3. HP: 14/20 MP: 5/5
   895 | D:2      | HP: 4/20 [hobgoblin (4)]
   897 | D:2      | Slain by a hobgoblin

Levels and vault maps discovered:
D:1:      dpeg_arrival_simpleton_b, layout_basic, nicolae_figureground_sparkle
D:2:      layout_basic, uniq_terence

Skill      XL: |  1  2 |
---------------+-------+-----
Ranged Weapons | 6 |  6.8
Fighting       | |  1.5
Dodging        | |  2.4
Stealth        | |  1.2

Action                     || total
---------------------------++-------
   Fire: Shortbow          ||    51
    Use: Scroll            ||     4
 Armour: Leather armour    ||     6
         Ring mail         ||    16
  Dodge: Dodged            ||    18

Table legend:
 A = Non-vault XP
 B = Vault XP
 C = Vault XP percentage of total XP
 D = Non-vault monster count
 E = Vault monster count
 F = Vault count percentage of total count
                 A         B        C        D         E       F
            +---------+---------+-------+---------+---------+-------
      Total |      53 |       0 |   0.0 |      26 |       0 |   0.0
            +---------+---------+-------+---------+---------+-------
        D:1 |      38 |       0 |   0.0 |      24 |       0 |   0.0
        D:2 |      15 |       0 |   0.0 |       2 |       0 |   0.0
            +---------+---------+-------+---------+---------+-------
